 Dungeon Crawl Stone Soup version 0.29.0-15-g675c0067aa (webtiles) character file.

Game seed: 17031346213019358462

65 safid the Shooter (level 3, -2/31 HPs)
             Began as a Minotaur Hunter on Sept 11, 2022.
             Slain by a worm (6 damage)
             ... on level 2 of the Dungeon.
             The game lasted 00:02:26 (1868 turns).

safid the Shooter (Minotaur Hunter)                 Turns: 1868, Time: 00:02:26

Health: -2/31      AC:  3    Str: 15    XL:     3   Next: 94%
Magic:  2/2        EV: 12    Int:  6    God:
Gold:   134        SH:  0    Dex: 15    Spells: 2/2 levels left

rFire   . . .      SeeInvis .   a - +0 shortbow
rCold   . . .      Faith    .   (shield currently unavailable)
rNeg    . . .      Spirit   .   c - +0 leather armour
rPois   .          Reflect  .   (helmet restricted)
rElec   .          Harm     .   (no cloak)
rCorr   .          Rampage  .   (no gloves)
Will    .....                   (no boots)
Stlth   +.........              (no amulet)
HPRegen 0.10/turn               (no ring)
MPRegen 0.08/turn               (no ring)

@: attractive, flying, invisible
A: horns 2, retaliatory headbutt
a: no special abilities


You were on level 2 of the Dungeon.
You visited 1 branch of the dungeon, and saw 2 of its levels.

You collected 134 gold pieces.

Inventory:

Hand Weapons
 a - a +0 shortbow (weapon)
 d - a +0 short sword
Missiles
 e - a throwing net
 g - 6 poisoned darts
Armour
 c - a +0 leather armour (worn)
Scrolls
 b - a scroll of immolation
 h - a scroll of identify {unknown}
 i - a scroll of enchant weapon {unknown}
 j - a scroll of blinking {unknown}
 k - a scroll of magic mapping {unknown}
 m - a scroll of torment {unknown}
Potions
 f - a potion of attraction
 o - a potion of haste {unknown}
 p - a potion of lignification {unknown}


   Skills:
 + Level 3.3 Fighting
 + Level 5.5 Ranged Weapons
 + Level 1.0 Armour
 + Level 2.2 Dodging
 - Level 0.7 Stealth


You had 2 spell levels left.
You didn't know any spells.
Your spell library contained the following spells:

 Spells                   Type           Power      Damage    Failure   Level
 Static Discharge         Conj/Air       0%         3-3/arc   67%         2
 Dispel Undead            Necr           0%         3d6       99%         4
 Sticky Flame             Conj/Fire      0%         2d3       99%         4


Dungeon Overview and Level Annotations

Branches:
Dungeon (2/15)

Altars:


Innate Abilities, Weirdness & Mutations

You have a pair of horns on your head.
You reflexively headbutt those who attack you in melee.


Message History

You shoot an arrow. The arrow hits the worm.
The worm is heavily wounded.
Unknown command.
Fire: a) +0 shortbow
Press: ? - help, Q - select action, (/) - cycle Shift-Dir - straight line, f/p - worm
Aim: a worm (heavily wounded, 79% to hit)
You shoot an arrow. The arrow barely misses the worm.
Unknown command.
Fire: a) +0 shortbow
Press: ? - help, Q - select action, (/) - cycle Shift-Dir - straight line, f/p - worm
Aim: a worm (heavily wounded, 79% to hit)
You shoot an arrow. The arrow barely misses the worm.
Unknown command.
Fire: a) +0 shortbow
Press: ? - help, Q - select action, (/) - cycle Shift-Dir - straight line, f/p - worm
Aim: a worm (heavily wounded, 79% to hit)
You shoot an arrow. The arrow barely misses the worm.
Fire: a) +0 shortbow
Press: ? - help, Q - select action, (/) - cycle Shift-Dir - straight line, f/p - worm
Aim: a worm (heavily wounded, 79% to hit)
You shoot an arrow. The arrow barely misses the worm.
The worm bites you.
* * * LOW HITPOINT WARNING * * *
Fire: a) +0 shortbow
Press: ? - help, Q - select action, (/) - cycle Shift-Dir - straight line, f/p - worm
Aim: a worm (heavily wounded, 79% to hit)
You shoot an arrow.
The arrow hits the worm but does no damage.
The worm is heavily wounded.
The worm bites you.
* * * LOW HITPOINT WARNING * * *
It was a potion of attraction.
You feel attractive to monsters. The worm misses you.
It was a potion of invisibility.
You fade into invisibility!
It was a potion of flight.
You feel very buoyant.
You fly up into the air.
The worm bites you.
You die...

.#####....#.##...##
#.######.#
...##......#####..#
#........#
...#.#....##:.#..###
#.######## #........##
..###..# #.# #.....#.##
..#...###.# ###....##
#.###..##.# .#....##
#..#...##.# †##..##
#w##...#.# ..'.##
#.@'...#.#
###################.##.#
.............# #..#.#
..############ ##...#
#.# ###.# #.# #.# ###
###


You could see a worm (unable to see you).

Vanquished Creatures
  A gnoll (D:2)
  2 worms (D:2)
  5 ball pythons
  7 bats
  5 endoplasms
  2 giant cockroaches
  9 hobgoblins
  A jackal (D:2)
  A frilled lizard (D:1)
  3 goblins (D:1)
  6 kobolds
  4 rats
46 creatures vanquished.

Notes
Turn   | Place    | Note
-------+----------+-------------------------------------------
     0 | D:1      | safid the Minotaur Hunter began the quest for the Orb.
     0 | D:1      | Reached XP level 1. HP: 18/18 MP: 0/0
   120 | D:1      | Reached XP level 2. HP: 17/25 MP: 1/1
   249 | D:1      | Reached skill level 5 in Ranged Weapons
   255 | D:1      | Found a faded altar of an unknown god.
  1053 | D:2      | Reached XP level 3. HP: 30/30 MP: 2/2
  1318 | D:2      | Reached skill level 1 in Armour
  1868 | D:2      | Slain by a worm

Illustrated notes

Levels and vault maps discovered:
D:1:      dpeg_arrival_boxes_within_box, layout_basic, basic_ecumenical_altar
D:2:      minmay_razor_zed, layout_basic

Skill      XL: |  1  2  3 |
---------------+----------+-----
Ranged Weapons | 5 |  5.5
Armour         | 1 |  1.0
Fighting       | 3 |  3.3
Dodging        | |  2.2
Stealth        | |  0.7

Action                   || total
-------------------------++-------
 Fire: Shortbow          ||   134
  Use: Potion            ||     3
Armor: Leather armour    ||     5
Dodge: Dodged            ||    29
